Map: Port Aleksander LE

Players

Neeb - Winner!

  • Race: Protoss Protoss
  • Spawn Location: 5:00

Ragnarok (SHIN)

  • Race: Zerg Zerg
  • Spawn Location: 11:00

Event: IEM Season 13: Katowice (2019)

VOD

Have the link to the VOD?

Description

Time

  • Played on: March 2, 2019, 7:48 a.m.
  • Length: 11:23

All games in this series

Show
View Real Time Build Order
Export as new Build Order

Neeb Protoss - Winner!

Build Orders: 1 Gate Expand, Archon Immortal, Archon Drop, Dark Templar Rush 

Get SALT Encoding   

  12  0:00  Probe  
  13  0:12  Probe  
  14  0:18  Pylon  
  14  0:24  Probe  
  15  0:32  Probe  
  15  0:39  Gateway  
  15  0:40  Probe  
  16  0:48  Assimilator  
  17  0:51  Probe  
  18  1:03  Probe  
  19  1:22  Nexus  
  19  1:31  Cybernetics Core  
  19  1:35  Probe  
  20  1:46  Assimilator  
  20  1:47  Probe  
  20  1:51  Pylon  
  21  1:59  Adept, Probe  
  22  2:07  Probe  
  25  2:15  Probe  
  26  2:26  Probe  
  29  2:30  Probe  
  29  2:32  Stalker  
  29  2:33  Warp Gate  
  30  2:38  Probe x2  
  30  2:40  Twilight Council  
  32  2:48  Probe  
  32  2:51  Probe  
  34  2:59  Robotics Facility  
  34  3:00  Probe  
  34  3:05  Probe  
  36  3:12  Probe  
  37  3:18  Probe  
  38  3:24  Probe  
  38  3:26  Dark Shrine  
  39  3:30  Gateway, Probe  
  40  3:36  Probe, Warp Prism  
  40  3:40  Gateway  
  41  3:42  Gateway  
  43  3:51  Assimilator  
  43  3:52  Pylon  
  43  3:54  Assimilator  
  43  3:55  Probe  
  43  3:57  Probe  
  45  4:05  Pylon  
  45  4:08  Probe x2  
  46  4:12  Pylon  
  46  4:16  Probe  
  47  4:20  Probe  
  49  4:24  Probe  
  50  4:32  Probe  
  50  4:37  Dark Templar x4  
  50  4:38  Observer  
  59  4:41  Pylon, Archon x2  
  60  4:52  Nexus  
  60  5:01  Probe x2  
  62  5:09  Immortal  
  62  5:13  Adept x2  
  70  5:14  Probe  
  70  5:15  Probe  
  70  5:19  Sentry x2  
  76  5:27  Probe  
  77  5:31  Forge  
  77  5:33  Probe  
  77  5:35  Pylon  
  78  5:40  Probe  
  74  5:44  Immortal  
  74  5:45  Probe  
  75  5:52  Probe  
  75  5:54  Protoss Ground Weapons Level 1  
  80  5:58  Probe  
  80  6:02  Pylon  
  77  6:04  Charge  
  77  6:05  Pylon  
  77  6:08  Dark Templar  
  77  6:09  Dark Templar  
  81  6:13  Archon  
  81  6:16  Immortal  
  81  6:19  Gateway  
  81  6:20  Gateway, Stalker x2  
  89  6:35  Probe x2  
  91  6:40  Gateway  
  91  6:42  Gateway, Probe  
  92  6:47  Probe  
  92  6:50  Zealot x3  
  99  6:55  Observer  
  99  6:59  Probe x2  
  102  7:02  Probe  
  102  7:04  Pylon  
  102  7:05  Sentry  
  102  7:07  Immortal  
  105  7:11  Sentry x2, Probe x2  
  111  7:22  Assimilator  
  115  7:24  Assimilator  
  115  7:26  Pylon  
  115  7:27  Pylon, Protoss Ground Weapons Level 2  
  115  7:32  Probe x2  
  115  7:34  Photon Cannon  
  117  7:37  Photon Cannon  
  117  7:38  Pylon  
  117  7:42  Blink  
  117  7:44  Photon Cannon  
  117  7:45  Stalker x3  
  117  7:46  Stalker x2  
  117  7:51  Phoenix  
  127  8:03  Pylon  
  127  8:04  Pylon  
  127  8:10  Shield Battery  
  127  8:12  Shield Battery  
  127  8:14  Immortal  
  129  8:24  Stalker x3  
  135  8:34  Pylon  
  135  8:35  Pylon  
  135  8:37  Dark Templar  
  135  8:38  Dark Templar  
  139  8:44  Stalker x3  
  143  8:53  Immortal  
  147  9:01  Dark Templar  
  135  9:03  Zealot  
  135  9:04  Zealot  
  136  9:12  Probe  
  136  9:13  Probe  
  136  9:19  Stalker x5  
  146  9:30  Pylon  
  146  9:33  Immortal  
  146  9:35  Pylon  
  146  9:36  Pylon  
  147  9:42  Stalker x3  
  147  9:45  Dark Templar  
  150  9:46  Zealot x2  
  152  9:53  Archon  
  149  10:11  Dark Templar x2, Stalker x3  
  149  10:12  Stalker x2  
  163  10:15  Archon  
  163  10:34  Stalker x2  
  163  10:35  Dark Templar x2  
  118  10:53  Zealot x4  
  120  11:17  Dark Templar x4, Stalker  
Show
View Real Time Build Order
Export as new Build Order

Ragnarok Zerg 

Build Orders: Hatch First 

Get SALT Encoding   

  12  0:00  Drone  
  13  0:12  Overlord  
  13  0:18  Drone  
  14  0:31  Drone x2  
  16  0:50  Hatchery  
  16  0:52  Drone  
  16  0:56  Drone  
  17  1:00  Drone  
  18  1:10  Extractor  
  17  1:15  Spawning Pool  
  17  1:18  Drone  
  17  1:21  Drone  
  18  1:28  Drone  
  19  1:39  Drone  
  20  1:51  Hatchery  
  20  1:53  Drone  
  20  2:02  Zergling x2  
  20  2:06  Queen  
  23  2:10  Drone  
  24  2:19  Queen  
  26  2:23  Drone  
  26  2:28  Overlord  
  27  2:36  Zergling x2  
  28  2:46  Queen  
  28  2:48  Drone  
  28  2:49  Drone  
  32  2:53  Drone  
  33  2:59  Drone  
  33  3:13  Queen, Drone x2  
  33  3:19  Drone x2  
  39  3:21  Overlord  
  39  3:29  Overlord  
  39  3:33  Lair  
  39  3:38  Overlord  
  39  3:40  Drone x3  
  42  3:48  Extractor, Drone x3, Roach Warren  
  41  3:49  Drone  
  41  3:50  Drone  
  41  3:53  Drone  
  46  3:56  Drone  
  46  3:59  Drone  
  46  4:00  Drone  
  49  4:05  Overlord, Drone  
  49  4:07  Drone  
  51  4:10  Drone x2  
  51  4:13  Extractor  
  52  4:20  Drone x2  
  52  4:21  Overlord  
  52  4:22  Spore Crawler  
  53  4:27  Roach  
  53  4:28  Roach x2  
  58  4:32  Roach  
  58  4:33  Overseer  
  58  4:35  Glial Reconstitution  
  60  4:40  Roach x2  
  60  4:41  Roach  
  60  4:45  Roach x2  
  70  4:46  Overlord  
  70  4:53  Overlord  
  70  4:58  Drone x3  
  73  5:05  Overlord  
  71  5:09  Overlord  
  71  5:10  Overlord  
  71  5:11  Overseer, Overlord  
  71  5:17  Overlord  
  71  5:20  Overlord  
  71  5:23  Drone x3  
  71  5:27  Queen  
  76  5:29  Drone x4  
  76  5:30  Drone  
  76  5:33  Drone x2  
  84  5:35  Drone  
  84  5:36  Drone  
  84  5:39  Drone  
  86  5:43  Drone x2  
  86  5:44  Drone  
  86  5:45  Extractor x2, Drone x2  
  89  5:51  Drone x2  
  89  5:53  Extractor  
  87  5:57  Drone x5  
  87  5:58  Drone  
  87  6:02  Spire  
  91  6:04  Overseer  
  91  6:10  Overlord  
  91  6:11  Roach x3  
  97  6:14  Roach x2  
  97  6:17  Overlord  
  101  6:18  Overlord  
  101  6:22  Overlord  
  101  6:23  Roach  
  103  6:26  Zergling x2  
  103  6:30  Roach x3  
  108  6:35  Overlord  
  108  6:42  Hatchery  
  108  6:45  Hatchery  
  107  6:47  Roach x3  
  107  6:48  Roach  
  107  6:51  Roach x2  
  107  6:52  Zergling x2  
  120  7:00  Overlord x3  
  120  7:04  Ravager x2  
  121  7:18  Mutalisk x8  
  121  7:21  Roach  
  121  7:22  Roach  
  141  7:24  Metabolic Boost  
  141  7:27  Ravager  
  146  7:30  Roach x2, Overlord  
  146  7:33  Overlord  
  146  7:38  Overlord  
  146  7:39  Overlord  
  146  7:41  Overlord  
  146  7:49  Ravager  
  146  7:50  Ravager x3  
  146  7:51  Roach x2  
  154  7:53  Drone x2  
  154  7:54  Roach  
  154  7:55  Roach x2  
  162  7:58  Evolution Chamber  
  162  8:00  Roach, Zergling x6  
  166  8:07  Roach x3  
  166  8:08  Roach  
  174  8:14  Roach x2  
  174  8:15  Roach x2  
  174  8:18  Hydralisk Den  
  181  8:21  Zergling x8  
  185  8:27  Drone x4  
  185  8:28  Drone  
  185  8:33  Drone x2  
  192  8:34  Zerg Missile Weapons Level 1  
  192  8:35  Overlord  
  192  8:38  Overlord  
  192  8:41  Overseer  
  192  8:44  Overlord, Spore Crawler  
  191  8:51  Grooved Spines  
  191  8:52  Drone  
  191  8:53  Lurker Den, Overlord  
  191  8:54  Drone  
  191  8:55  Extractor, Drone  
  191  8:57  Extractor  
  174  9:07  Drone x3  
  174  9:08  Drone  
  172  9:19  Hydralisk x8  
  188  9:29  Hydralisk x4  
  196  9:36  Infestation Pit  
  191  9:46  Pneumatized Carapace  
  191  9:47  Drone x4  
  191  9:48  Drone, Spore Crawler  
  191  9:49  Drone  
  186  9:55  Hydralisk  
  186  9:56  Zergling x12  
  186  9:57  Zergling x8  
  193  10:03  Drone x4  
  196  10:11  Spore Crawler  
  196  10:13  Hydralisk  
  196  10:14  Zergling x4  
  197  10:21  Overseer  
  197  10:22  Zergling x4  
  197  10:24  Overlord  
  197  10:25  Overlord  
  192  10:29  Roach x4  
  167  10:36  Roach x4  
  167  10:40  Roach x2  
  145  10:43  Roach  
  145  10:46  Roach  
  145  10:49  Roach  
  124  10:52  Roach  
  124  10:55  Roach  
  82  10:58  Roach  
  82  11:01  Roach  

Tags
 
Add a new tag
Caveats
  • Supply blocks, unpowered buildings, or Contaminate may cause inaccurate times.
  • Supply counts are checked every 10 seconds.